 Dungeon Crawl Stone Soup version 0.20.1-1-g8b1a95d (webtiles) character file.

2977 dvd the Fighter (level 9, -15/83 HPs)
             Began as a Minotaur Wanderer on Sept 9, 2017.
             Demolished by a white ugly thing (33 damage)
             ... on level 8 of the Dungeon on Sept 10, 2017.
             The game lasted 00:27:50 (8877 turns).

dvd the Fighter (Minotaur Wanderer)                 Turns: 8877, Time: 00:27:51

Health: -15/83     AC: 14    Str: 20    XL:     9   Next: 53%
Magic:  8/8        EV:  5    Int:  8    God:
Gold:   250        SH: 15    Dex: 13    Spells: 8/8 levels left

rFire    . . .     SeeInvis .   a - +2 hand axe (chop)
rCold    . . .     Gourm    .   n - +0 large shield
rNeg     . . .     Faith    .   w - +0 chain mail
rPois    +         Spirit   .   (helmet restricted)
rElec    .         Reflect  .   g - +1 cloak
rCorr    .         Harm     .   J - +0 pair of gloves
MR       +....                  (no boots)
Stlth    ..........             (no amulet)
Regen    0.3/turn               I - ring of protection from magic
MPRegen  0.2/turn               p - ring of poison resistance

@: no status effects
A: retaliatory headbutt, horns 2, sense surroundings 1, strong 1
a: no special abilities


You were on level 8 of the Dungeon.
You were not hungry.

You visited 2 branches of the dungeon, and saw 9 of its levels.
You also visited: Sewer.

You collected 406 gold pieces.
You spent 156 gold pieces at shops.

Inventory:

Hand Weapons
 a - a +2 hand axe of chopping (weapon)
 b - a +1 hand crossbow
 A - a +1 short sword of electrocution
 D - a +3 quarterstaff of chaos
Missiles
 d - 5 throwing nets (quivered)
 e - 71 bolts
 l - 8 tomahawks
Armour
 g - a +1 cloak (worn)
 n - a +0 large shield (worn)
 t - a +2 buckler
 w - a +0 chain mail (worn)
 J - a +0 pair of gloves (worn)
 N - the scarf of the Catamount {Int+3}
   (You found it on level 7 of the Dungeon)

   It affects your intelligence (+3).
Jewellery
 i - a +2 ring of strength
 m - an uncursed ring of resist corrosion
 p - a ring of poison resistance (right hand)
 G - an uncursed ring of see invisible {unknown}
 I - a ring of protection from magic (left hand)
Wands
 x - a wand of flame (34/48)
 H - a wand of acid (7/15)
Scrolls
 h - a scroll of remove curse
 k - 4 scrolls of teleportation
 o - 7 scrolls of identify
 q - a scroll of blinking
 s - a scroll of recharging
 y - 2 scrolls of magic mapping
 z - 2 scrolls of fear
 O - 2 scrolls of amnesia
Potions
 u - 3 potions of curing
 v - a potion of heal wounds
 C - a potion of haste
 E - a potion of brilliance
 K - a potion of flight
Books
 L - a book of Misfortune

   Spells                             Type                      Level
   a - Confusing Touch                Hexes                        1
   b - Confuse                        Hexes                        3
   c - Gell's Gravitas                Translocation                3
   d - Petrify                        Transmutation/Earth          4
   e - Metabolic Englaciation         Hexes/Ice                    5
   f - Yara's Violent Unravelling     Hexes/Transmutation          5
Comestibles
 c - 3 chunks of flesh
 f - 3 bread rations
 j - 3 royal jellies
 r - 5 meat rations
 F - 6 fruits


   Skills:
 + Level 9.0 Fighting
 + Level 1.5 Short Blades
 + Level 6.1 Axes
 + Level 7.7 Crossbows
 + Level 1.0 Throwing
 + Level 6.8 Armour
 + Level 3.3 Dodging
 + Level 1.2 Stealth
 + Level 5.4 Shields
 + Level 1.1 Evocations


You had 8 spell levels left.
You didn't know any spells.

Dungeon Overview and Level Annotations

Branches:
Dungeon (8/15)             Temple (1/1) D:7
   Lair: D:8-11

Altars:
Ashenzari
Cheibriados
Elyvilon
Fedhas
Gozag
Hepliaklqana
Nemelex Xobeh
Qazlal
Ru
Uskayaw
Vehumet
Yredelemnul
Zin
The Shining One

Shops:
D:8 (

Annotations:
D:5 dxctxrx's ghost, novice HuNe
D:8 Maurice


Innate Abilities, Weirdness & Mutations

You reflexively headbutt those who attack you in melee.
You have a pair of horns on your head.
You passively map a small area around you.
Your muscles are strong. (Str +2)


Message History

A white ugly thing comes into view.
The white ugly thing gurgles horribly!
The white ugly thing moves out of view.
Found a potion of brilliance.
Found a stone staircase leading down.
The portcullis has been lowered almost to the ground.
You hit the white ugly thing.
You headbutt the white ugly thing, but do no damage.
The white ugly thing is lightly wounded.
The white ugly thing kicks you. The white ugly thing freezes you!!
You hit the white ugly thing.
The white ugly thing is lightly wounded.
The white ugly thing kicks you. The white ugly thing freezes you!!
You slash the white ugly thing!
Your headbutt misses the white ugly thing.
The white ugly thing is moderately wounded.
The white ugly thing completely misses you.
The white ugly thing kicks you!
* * * LOW HITPOINT WARNING * * *
The white ugly thing freezes you!!
You die...

#.########.#.#.#.#
#.#........#.#.#.#
#.#......#...#.#)#
#.##.#.........#.#
#.............<#.#
######......#..#.#.#
.................#.#
.....###...#.#.###.#
.............#..@..#
....##########.u####
....# * #..#* ....#
...>.* #####
.......# #......!.#
##########


You could see a white ugly thing.

Vanquished Creatures
  A two-headed ogre (D:8)
  A hippogriff (D:7)
  A hungry ghost (D:7)
  Menkaure (D:5)
  A sky beast (D:7)
  A black bear (D:6)
  A necrophage (D:6)
  An orc warrior (D:7)
  An ogre (D:4)
  A centaur (D:6)
  Blork the orc (D:5)
  2 bullfrogs
  A water moccasin zombie (D:8)
  The ghost of grogolog the Skirmisher, a weakling DrFi (D:3)
  A scorpion (D:5)
  A howler monkey (D:6)
  4 crimson imps
  3 hounds
  A jelly (D:5)
  Crazy Yiuf (D:2)
  3 orc wizards (D:7)
  A bullfrog skeleton (D:6)
  A centaur skeleton (D:5)
  Jessica (D:2)
  3 iguanas
  8 worker ants
  A hound zombie (D:5)
  3 gnolls (D:4)
  A worker ant zombie (D:5)
  9 adders
  3 worms
  11 leopard geckos
  13 orcs
  5 ball pythons
  8 bats
  5 giant cockroaches
  12 goblins
  4 hobgoblins
  12 jackals
  4 quokkas
  14 frilled lizards
  6 kobolds
  6 rats
160 creatures vanquished.

Notes
Turn   | Place    | Note
-------+----------+-------------------------------------------
     0 | D:1      | dvd the Minotaur Wanderer began the quest for the Orb.
     0 | D:1      | dvd set off with: a +0 leather armour, 4 throwing nets, a +0 hand axe, a +0 hand crossbow, 27 bolts, a bread ration
     0 | D:1      | Reached XP level 1. HP: 24/24 MP: 0/0
   147 | D:1      | Reached XP level 2. HP: 29/31 MP: 1/1
   591 | D:2      | Reached skill level 1 in Armour
   591 | D:2      | Reached XP level 3. HP: 21/38 MP: 2/2
  1081 | D:2      | Noticed Jessica
  1084 | D:2      | Killed Jessica
  1084 | D:2      | Reached XP level 4. HP: 38/45 MP: 3/3
  1318 | D:2      | Found a runed door.
  1330 | D:2      | Noticed Crazy Yiuf
  1337 | D:2      | HP: 1/45 [Crazy Yiuf/quarterstaff of chaos (16)]
  1647 | D:2      | Reached skill level 7 in Fighting
  1713 | D:3      | Found a radiant altar of Vehumet.
  1748 | D:3      | Reached skill level 1 in Shields
  1997 | D:3      | Reached skill level 1 in Axes
  2009 | D:3      | Found a glowing drain.
  2035 | Sewer    | Entered a sewer
  2496 | D:3      | Noticed grogolog's ghost (weakling DrFi)
  2501 | D:3      | Reached XP level 5. HP: 40/52 MP: 4/4
  3168 | D:3      | Killed grogolog's ghost
  3873 | D:4      | Reached XP level 6. HP: 14/60 MP: 5/5
  4173 | D:4      | Gained mutation: Your muscles are strong. (Str +2) [potion of mutation]
  4173 | D:4      | Gained mutation: You passively map a small area around you. [potion of mutation]
  4243 | D:4      | HP: 3/60 [ogre/giant spiked club (25)]
  4611 | D:2      | Killed Crazy Yiuf
  5267 | D:5      | Entered Level 5 of the Dungeon
  5303 | D:5      | You fall through a shaft!
  5433 | D:5      | Noticed Menkaure
  5439 | D:5      | Killed Menkaure
  5439 | D:5      | Reached XP level 7. HP: 66/66 MP: 6/6
  5478 | D:5      | Found an opulent altar of Gozag.
  5518 | D:5      | Reached skill level 5 in Crossbows
  5532 | D:5      | Noticed dxctxrx's ghost (novice HuNe)
  5583 | D:4      | You fall through a shaft for 2 floors!
  6090 | D:5      | Noticed Blork the orc
  6104 | D:5      | Killed Blork the orc
  6269 | D:5      | Reached XP level 8. HP: 74/74 MP: 7/7
  6463 | D:6      | Reached skill level 8 in Fighting
  6568 | D:6      | Reached skill level 1 in Stealth
  7093 | D:7      | Got a shimmering scarf
  7114 | D:7      | Identified the scarf of the Catamount {Int+3} (You found it on level 7 of the Dungeon)
  7351 | D:7      | Reached skill level 5 in Armour
  7354 | D:7      | Found a staircase to the Ecumenical Temple.
  7365 | Temple   | Entered the Ecumenical Temple
  7712 | D:7      | Noticed a hippogriff
  7748 | D:7      | Killed a hippogriff
  7748 | D:7      | Reached skill level 5 in Axes
  7761 | D:7      | Reached XP level 9. HP: 67/82 MP: 8/8
  8120 | D:7      | Reached skill level 1 in Short Blades
  8278 | D:8      | Found Qeym Daro's Antique Weapon Shop.
  8278 | D:8      | Noticed Maurice
  8282 | D:8      | Noticed a two-headed ogre
  8629 | D:8      | Killed a two-headed ogre
  8629 | D:8      | Reached skill level 5 in Shields
  8742 | D:8      | Found a hide-covered altar of Uskayaw.
  8795 | D:8      | Bought a runed hand axe for 156 gold pieces
  8841 | D:8      | Reached skill level 9 in Fighting
  8872 | D:8      | Noticed a white ugly thing
  8877 | D:8      | Demolished by a white ugly thing

Skill      XL: |  1  2  3  4  5  6  7  8  9 |
---------------+----------------------------+-----
Armour         | 1 2 3 4 5 6 |  6.8
Fighting       | 7 8 9 |  9.0
Shields        | 1 2 3 4 5 |  5.4
Axes           | 1 2 3 5 6 |  6.1
Dodging        | 2 3 |  3.3
Crossbows      | 3 4 6 7 |  7.7
Stealth        | 1 |  1.2
Short Blades   | 1 |  1.5
Throwing       | |  1.0
Evocations     | |  1.1

Action                   |  1- 3 |  4- 6 |  7- 9 || total
-------------------------+-------+-------+-------++-------
Melee: Hand axe          |    52 |   139 |   132 ||   323
       Headbutt          |     8 |    33 |    32 ||    73
       Short sword       |       |    14 |    41 ||    55
       Hand crossbow     |       |       |     1 ||     1
 Fire: Hand crossbow     |    21 |    84 |   112 ||   217
Evoke: Wand              |       |     1 |       ||     1
  Use: Potion            |       |     8 |     5 ||    13
       Scroll            |       |    12 |     2 ||    14
  Eat: Chunk             |     1 |     9 |    14 ||    24
       Bread ration      |       |     1 |       ||     1
Armor: Leather armour    |    19 |    20 |       ||    39
       Chain mail        |       |    11 |    92 ||   103
Dodge: Dodged            |    29 |    63 |    45 ||   137
Block: Large shield      |    21 |    21 |    92 ||   134
       Buckler           |       |    50 |    28 ||    78
